 Dungeon Crawl Stone Soup version 0.32-a0-473-gd044c6f0f0 (webtiles) character file.

Game seed: 3919517368666033280

92253 jasper the Executioner (level 15, -8/158 HPs)
             Began as a Mountain Dwarf Berserker on Feb 26, 2024.
             Was a High Priest of Trog.
             Splashed by a goliath frog's acid (9 damage)
             ... on level 1 of the Swamp.
             The game lasted 00:36:21 (29277 turns).

jasper the Executioner (Mountain Dwarf Berserker)  Turns: 29277, Time: 00:36:22

Health: -8/158     AC: 20    Str: 23    XL:     15   Next: 57%
Magic:  15/15      EV:  6    Int:  9    God:    Trog [*****.]
Gold:   214        SH:  0    Dex:  9    Spells: 14/14 levels left

rFire   + . .        C - +7 executioner's axe (flame)
rCold   + . .        (shield currently unavailable)
rNeg    . . .        W - +9 plate armour "Guestrigi" {rElec rF+ Str-3 Stlth+}
rPois   +            S - +0 helmet
rElec   +            K - +0 cloak
rCorr   .            t - +2 pair of gloves
SInv    +            x - +2 pair of boots
Will    +++..        n - amulet of Yredelemnul's Favour {Faith Harm Regen+} Stlth
                     M - ring of poison resistance
HPRegen 2.26/turn    w - ring of Gipemmin {+Blink rC+ SInv}
MPRegen 0.14/turn

%: harm (+30% outgoing, +20% incoming), faith
@: strong-willed (expiring), corroded, regenerating (expiring)
A: runic magic, artefact enchanting
a: Renounce Religion, Evoke Blink, Berserk, Trog's Hand, Brothers in Arms


You were on level 1 of the Swamp.
You worshipped Trog.
Trog was extremely pleased with you.
You visited 4 branches of the dungeon, and saw 23 of its levels.
You also visited: Ice Cave.

You collected 2520 gold pieces.
You spent 2306 gold pieces at shops.

Inventory:

Hand Weapons
 C - a +7 executioner's axe of flaming (weapon)
Missiles
 a - a throwing net
 h - 14 javelins
 m - 226 stones (quivered)
 r - 81 poisoned darts
 E - 27 boomerangs
 F - 4 curare-tipped darts
Armour
 t - a +2 pair of gloves (worn)
 x - a +2 pair of boots (worn)
 K - a +0 cloak (worn)
 S - a +0 helmet (worn)
 W - the +9 plate armour "Guestrigi" (worn) {rElec rF+ Str-3 Stlth+}
   (You bought it in a shop on level 2 of the Orcish Mines)

   Str-3:     It affects your strength (-3).
   rF+:       It protects you from fire.
   rElec:     It insulates you from electricity.
   Stlth+:    It makes you more stealthy.
Jewellery
 c - a ring of see invisible
 e - a ring of protection from cold
 l - a +5 ring of evasion
 n - the amulet of Yredelemnul's Favour (around neck) {Faith Harm Regen+}
   (You found it in an ice cave)

   [amulet of faith]

   Faith:     It allows you to gain divine favour quickly.
   Regen+:    It increases your rate of health regeneration.
   Harm:      It increases damage dealt and taken.
 p - a ring of willpower
 w - the ring of Gipemmin (right hand) {+Blink rC+ SInv}
   (You found it in an ice cave)

   [ring of see invisible]

   rC+:       It protects you from cold.
   SInv:      It lets you see invisible.
   +Blink:    It lets you blink.
 M - a ring of poison resistance (left hand)
Wands
 j - a wand of polymorph (17)
 G - a wand of mindburst (27)
 I - a wand of charming (15)
 L - a wand of roots (2)
 U - a wand of flame (27)
Scrolls
 b - a scroll of silence
 g - 4 scrolls of revelation
 o - a scroll of fog
 z - a scroll of torment
 J - 8 scrolls of teleportation
 N - 5 scrolls of butterflies
 O - 2 scrolls of fear
 R - 3 scrolls of enchant armour
 T - 8 scrolls of immolation
 V - 2 scrolls of poison
Potions
 d - 2 potions of ambrosia
 f - 4 potions of might
 i - a potion of cancellation {unknown}
 k - 3 potions of brilliance
 q - 2 potions of lignification
 s - 8 potions of curing
 u - 2 potions of magic
 A - a potion of resistance
 B - 2 potions of haste
 D - 2 potions of mutation
 H - 3 potions of enlightenment {unknown}
 P - 6 potions of attraction {unknown}
 Z - 2 potions of invisibility {unknown}
Miscellaneous
 X - a lightning rod (4/4)
 Y - a phantom mirror


   Skills:
 - Level 21.4 Fighting
 + Level 23.1 Axes
 - Level 2.1 Armour
 - Level 1.3 Dodging


You had 14 spell levels left.
You didn't know any spells.
Your spell library was empty.

Dungeon Overview and Level Annotations

Branches:
Dungeon (15/15)            Temple (0/1) D:7            Lair (5/5) D:8
  Swamp (1/4) Lair:2       Spider (0/4) Lair:2        Slime (0/5) Lair:4
    Orc (2/2) D:10            Elf (0/3) Orc:2        Vaults (0/5) D:13
 Depths (0/4) D:15          IceCv (visited)

Altars:
Ashenzari
Elyvilon
Hepliaklqana
Makhleb
Trog
Uskayaw
Wu Jian
Xom
The Shining One
Beogh
Jiyva

Shops:
D:8 *   D:9 ?   D:10 [   D:13 :   D:14 !   Orc:1 *   Orc:2 *:([

Annotations:
D:15 exclusion: obsidian statue
Lair:4 exclusion: 2 oklob plants


Innate Abilities, Weirdness & Mutations

Your spellcasting is much less encumbered by armour.
You can use scrolls of enchantment on lesser artefacts.


Message History

You are splashed with acid!
* * * LOW HITPOINT WARNING * * *
The spriggan rider barely misses you.
The goliath frog hits you but does no damage.
Your two-headed ogre completely misses the spriggan rider.
Your two-headed ogre hits the spriggan rider with a +0 dire flail!!
The spriggan rider barely misses you.
You take 25 damage, and have 28/158 hp.
Okay, then.
You feel much better.
A tree reaches out and hits your two-headed ogre!
A tree reaches out and hits you!
* * * LOW HITPOINT WARNING * * *
The goliath frog hits you from afar!!
* * * LOW HITPOINT WARNING * * *
The acid corrodes you!
You are splashed with acid!
* * * LOW HITPOINT WARNING * * *
Your two-headed ogre barely misses the spriggan rider.
Your two-headed ogre hits the spriggan rider with a +0 dire flail!
The spriggan rider hits you from afar with a +0 spear!
* * * LOW HITPOINT WARNING * * *
You take 26 damage, and have 2/158 hp.
Unknown command.
Okay, then.
As you read the scroll of fear, it crumbles to dust.
You assume a fearsome visage.
The goliath frog resists with almost no effort.
The swamp dragon looks frightened!
The spriggan druid looks frightened!
The spriggan rider looks frightened!
A root lunges up near you.
A root smacks your two-headed ogre from below!
The goliath frog hits you but does no damage.
Your two-headed ogre hits the spriggan rider with a +0 giant club!!
The spriggan rider dies!
Trog accepts your kill.
The hornet dies!
Trog accepts your kill. The goliath frog hits you from afar.
* * * LOW HITPOINT WARNING * * *
You are splashed with acid!
You die...

♣...~.....~.~.#
♣♣.~~~~~†.~~~.'F~~~..
♣♣~♣~~..♣..D...§i...
♣♣...~~D..~..~..~D. ♣♣♣ ♣♣♣
♣.~..~.D~♣♣~#~'#~~. ♣♣.♣♣ ♣.♣
♣♣~♣.~..♣♣.~#[.# .~ ♣.~.♣ ♣.♣
♣♣.)F~.♣ ~~#[?# ~ ♣♣~~♣♣♣.♣♣
♣♣~O~♣.~♣♣~.####
♣♣.~..~~.♣♣♣♣~~.@i~..♣
♣~...~♣~~.~♣♣♣.♣.♣♣.♣.>♣
♣~~♣~~~♣..~.....♣♣♣♣.~~.
..~~.~~~...~~§~..~...~.~~♣ ~~~
~~.~......~~♣.........~..♣♣~.♣
...~~.#######..♣♣♣.♣♣♣~~.~~..♣
..~.~.#.....§.♣♣ ♣♣ ..~~~~.♣♣
.~~~§.#......~.♣ ♣~.~§~~.♣
..~~.~#.....~♣♣♣ ♣~~~~~.♣


You could see a four-headed hydra, a swamp dragon (fleeing), a spriggan druid
(fleeing), a goliath frog and a friendly two-headed ogre (summoned, berserk).

Vanquished Creatures
  A fenstrider witch (Swamp:1)
  An ironbound preserver (D:13)
  A white draconian (IceCv)
  The ghost of Siakut the Bludgeoner, a journeyman MiBe of Trog (D:12)
  An entropy weaver (D:13)
  8 hydras
  2 rakshasas (D:15)
  3 centaur warriors
  6 two-headed ogres
  3 catoblepae (Lair:5)
  An occultist (D:15)
  7 death yaks (Lair:5)
  Urug (Orc:2)
  2 boulder beetles
  An orc high priest (Orc:2)
  A tengu warrior (D:13)
  Nergalle (Orc:2)
  A spriggan druid (Swamp:1)
  A glowing orange brain (D:15)
  2 bog bodies (Swamp:1)
  2 swamp dragons (Swamp:1)
  An arcanist (D:15)
  Pikel (D:6)
  A deep elf pyromancer (D:12)
  A will-o-the-wisp (Swamp:1)
  An orc sorcerer (Orc:2)
  3 orc knights
  4 manticores
  13 ugly things
  6 black mambas
  A meliai (Lair:2)
  9 cyclopes
  7 elephants
  A guardian serpent (D:12)
  A gargoyle (D:14)
  13 cane toads
  A cane toad (shapeshifter) (D:14)
  2 ice statues (IceCv)
  8 komodo dragons
  8 rime drakes
  A yaktaur (D:15)
  An efreet (D:14)
  A freezing wraith (D:14)
  A kobold demonologist (D:11)
  A tengu conjurer (D:15)
  An ice devil (D:12)
  10 trolls
  A wind drake (shapeshifter) (D:15)
  3 tyrant leeches (Swamp:1)
  4 polar bears
  A hornet (D:9)
  13 blink frogs
  Grinder (D:4)
  Prince Ribbit (D:5)
  6 dream sheep (Lair:4)
  3 centaur simulacra (D:12)
  A shadow (D:11)
  5 wyverns
  8 slime creatures
  4 wraiths
  A fire elemental (D:15)
  2 spriggans (Swamp:1)
  41 yaks
  8 basilisks
  A steam dragon (D:6)
  4 wargs
  20 vampire mosquitoes
  A redback (shapeshifter) (D:15)
  Edmund (D:4)
  4 swamp worms (Swamp:1)
  3 acid dragons
  11 water moccasins
  2 sky beasts
  2 meliai simulacra (D:12)
  24 orc warriors
  5 black bears
  2 laughing skulls (D:15)
  9 wolves
  9 ogres
  A crocodile (D:13)
  8 centaurs
  3 lemures (D:6)
  2 phantoms
  6 kobold brigands
  9 gnoll sergeants
  9 bullfrogs
  16 wights
  12 killer bees
  2 lindwurm simulacra (IceCv)
  An electric eel (Lair:5)
  2 bombardier beetles
  9 komodo dragon simulacra (IceCv)
  2 hounds
  Crazy Yiuf (D:5)
  2 jellies
  22 orc priests
  2 gnoll boudas
  3 iguanas
  Ijyb (D:5)
  2 sleepcaps
  20 orc wizards
  Terence (D:3)
  56 gnolls
  4 acid dragon simulacra (IceCv)
  9 adders
  4 ufetubi
  6 steam dragon simulacra (IceCv)
  A ribbon worm (D:3)
  3 dart slugs
  78 orcs
  8 endoplasms
  3 giant cockroaches
  10 goblins
  16 hobgoblins
  16 jackals
  3 quokkas (D:2)
  2 ball pythons
  5 bats
  4 frilled lizards
  25 kobolds
  4 rats
  A butterfly (Lair:1)
740 creatures vanquished.

Vanquished Creatures (collateral kills)
  An orc warlord (Orc:2)
  A bunyip (Swamp:1)
  A spriggan (Swamp:1)
  An orc sorcerer (Orc:2)
  A hornet (Swamp:1)
  An orc warrior (Orc:2)
  An orc wizard (Orc:2)
7 creatures vanquished.

Vanquished Creatures (others)
  4 foxfires (Swamp:1)
  3 spectral weapons
7 creatures vanquished.

Grand Total: 754 creatures vanquished

Notes
Turn   | Place    | Note
-------+----------+-------------------------------------------
     0 | D:1      | jasper the Mountain Dwarf Berserker began the quest for the
                  | Orb.
     0 | D:1      | Reached XP level 1. HP: 19/19 MP: 1/1
   202 | D:1      | Reached skill level 4 in Axes
   310 | D:1      | Reached XP level 2. HP: 26/26 MP: 2/2
   937 | D:2      | Reached skill level 5 in Axes
  1081 | D:2      | You fall into a shaft and drop 1 floor!
  1102 | D:3      | Reached XP level 3. HP: 23/31 MP: 3/3
  1103 | D:3      | Reached skill level 6 in Axes
  1103 | D:3      | Reached XP level 4. HP: 29/38 MP: 4/4
  1334 | D:2      | Reached ** piety under Trog
  2058 | D:2      | Reached XP level 5. HP: 44/45 MP: 5/5
  2184 | D:2      | Found a faded altar of an unknown god.
  2420 | D:3      | Reached skill level 7 in Axes
  2496 | D:3      | Noticed Terence
  2504 | D:3      | Killed Terence
  2733 | D:3      | HP: 1/22 [gnoll/+4 whip of draining (1)]
  2840 | D:3      | Reached skill level 8 in Axes
  3483 | D:4      | Reached XP level 6. HP: 26/26 MP: 6/6
  3484 | D:4      | Noticed Grinder
  3527 | D:4      | Killed Grinder
  3528 | D:4      | Reached skill level 9 in Axes
  3693 | D:4      | Noticed Edmund
  3725 | D:4      | Killed Edmund
  3726 | D:4      | Reached XP level 7. HP: 57/57 MP: 7/7
  3831 | D:4      | Reached skill level 10 in Axes
  4523 | D:4      | Reached skill level 11 in Axes
  4890 | D:4      | Found a burning altar of Makhleb.
  4935 | D:4      | Found a hide-covered altar of Uskayaw.
  4935 | D:4      | Found a broken altar of Ashenzari.
  5022 | D:4      | Found a white marble altar of Elyvilon.
  5146 | D:5      | Entered Level 5 of the Dungeon
  5204 | D:5      | Reached *** piety under Trog
  5219 | D:5      | Reached XP level 8. HP: 54/63 MP: 8/8
  5647 | D:5      | Found an ornate altar of the Wu Jian Council.
  5706 | D:5      | Noticed Prince Ribbit
  5713 | D:5      | Killed Prince Ribbit
  5714 | D:5      | Reached skill level 12 in Axes
  5753 | D:5      | Found a runed translucent door.
  5754 | D:5      | Noticed Crazy Yiuf
  6032 | D:5      | Noticed Ijyb
  6051 | D:5      | Killed Ijyb
  6091 | D:5      | Reached **** piety under Trog
  6176 | D:5      | Reached skill level 13 in Axes
  6620 | D:5      | Killed Crazy Yiuf
  7087 | D:6      | Reached skill level 14 in Axes
  7131 | D:6      | Reached XP level 9. HP: 70/70 MP: 9/9
  7504 | D:6      | Reached skill level 15 in Axes
  7784 | D:6      | Noticed Pikel
  7819 | D:6      | Killed Pikel
  7851 | D:6      | Reached skill level 16 in Axes
  8395 | D:7      | Found a staircase to the Ecumenical Temple.
  8431 | D:7      | Reached ***** piety under Trog
  8436 | D:7      | Reached skill level 17 in Axes
  8508 | D:7      | Reached XP level 10. HP: 73/77 MP: 10/10
  9135 | D:8      | Reached skill level 18 in Axes
  9297 | D:8      | Found Leunez's Assorted Antiques.
  9305 | D:8      | Bought a scroll of fear for 120 gold pieces
  9305 | D:8      | Bought a sapphire potion for 27 gold pieces
  9326 | D:8      | Noticed a two-headed ogre
  9332 | D:8      | Killed a two-headed ogre
  9424 | D:8      | Found a staircase to the Lair.
  9717 | D:9      | Reached skill level 19 in Axes
 10089 | D:9      | Noticed a two-headed ogre
 10104 | D:9      | Killed a two-headed ogre
 10223 | D:9      | Reached XP level 11. HP: 69/82 MP: 11/11
 10248 | D:9      | Reached skill level 20 in Axes
 10590 | D:9      | Noticed a two-headed ogre
 10600 | D:9      | Killed a two-headed ogre
 10888 | D:9      | Found Jucuinirch's Magic Scroll Shoppe.
 10891 | D:9      | Bought a scroll of brand weapon for 123 gold pieces
 10892 | D:9      | Bought a scroll of butterflies for 52 gold pieces
 11036 | D:10     | Entered Level 10 of the Dungeon
 11241 | D:10     | Reached skill level 5 in Fighting
 11496 | D:10     | Found a staircase to the Orcish Mines.
 11781 | D:10     | Noticed a two-headed ogre
 11786 | D:10     | Killed a two-headed ogre
 11874 | D:10     | Found a bloodstained altar of Trog.
 12023 | D:10     | Found a glowing golden altar of the Shining One.
 12025 | D:10     | Found a hazy altar of Hepliaklqana.
 12025 | D:10     | Found a shimmering altar of Xom.
 12077 | D:10     | Found Ezeulergh's Armour Shop.
 12407 | D:11     | Noticed a two-headed ogre
 12417 | D:11     | Killed a two-headed ogre
 12417 | D:11     | Received a gift from Trog
 12791 | D:11     | Reached skill level 10 in Fighting
 13132 | Lair:1   | Entered Level 1 of the Lair of Beasts
 13320 | Lair:1   | Reached XP level 12. HP: 103/110 MP: 12/12
 13457 | Lair:1   | Noticed a five-headed hydra
 13466 | Lair:1   | Killed a one-headed hydra
 13497 | Lair:1   | You fall into a shaft and drop 1 floor!
 13555 | Lair:2   | Found a staircase to the Swamp.
 13571 | Lair:2   | Found a hole to the Spider Nest.
 13814 | Lair:2   | Identified the orb "Irhykheu" {*Rage, *Corrode Dex+4 Conj}
 13883 | Lair:2   | Identified the +1 leather armour "Soihog" {rN+ rCorr Int+4}
 15464 | Lair:3   | Reached skill level 15 in Fighting
 15596 | Lair:3   | Noticed a four-headed hydra
 15607 | Lair:3   | Killed a one-headed hydra
 15607 | Lair:3   | Reached ****** piety under Trog
 15987 | Lair:4   | Received a gift from Trog
 15993 | Lair:4   | Reached XP level 13. HP: 108/128 MP: 13/13
 16248 | Lair:4   | Found a staircase to the Slime Pits.
 16248 | Lair:4   | Found a viscous altar of Jiyva.
 16873 | Lair:5   | Entered Level 5 of the Lair of Beasts
 18403 | Lair:5   | Received a gift from Trog
 18461 | Lair:5   | Reached XP level 14. HP: 146/146 MP: 14/14
 18488 | Lair:5   | Identified the +1 pair of boots of the Hall of Blades
                  | {rPois rF- Will+ rCorr}
 19784 | Orc:1    | Entered Level 1 of the Orcish Mines
 19837 | Orc:1    | Found a burning altar of Makhleb.
 19916 | Orc:2    | Entered Level 2 of the Orcish Mines
 20108 | Orc:2    | Found a staircase to the Elven Halls.
 20481 | Orc:1    | Found Disked's General Store.
 20488 | Orc:1    | Bought a potion of might for 56 gold pieces
 21360 | Orc:2    | Received a gift from Trog
 21690 | Orc:2    | Noticed Urug
 21699 | Orc:2    | Killed Urug
 22725 | Orc:2    | Noticed Nergalle
 22739 | Orc:2    | Killed Nergalle
 22743 | Orc:2    | Noticed an orc warlord
 22758 | Orc:2    | Killed an orc warlord
 22785 | Orc:2    | Found a roughly hewn altar of Beogh.
 22791 | Orc:2    | Found Hessaedo's Antique Weapon Shop.
 22805 | Orc:2    | Found Ilear Ned's General Store.
 22820 | Orc:2    | Bought 2 scrolls of enchant armour for 195 gold pieces
 22820 | Orc:2    | Bought a lightning rod (4/4) for 520 gold pieces
 23017 | Orc:2    | Found Puacafi's Antique Armour Shop.
 23032 | Orc:2    | Found Ladghirr's Book Shop.
 23511 | D:12     | Found a runed translucent gate.
 23511 | D:12     | Found a runed translucent gate.
 23511 | D:12     | Found a runed translucent gate.
 24002 | D:12     | Noticed Siakut's ghost (journeyman MiBe)
 24456 | D:13     | Noticed Sonja
 24458 | D:13     | Sonja changed into Sonja the crocodile
 24458 | D:13     | Noticed Sonja
 24460 | D:13     | Killed Sonja the crocodile
 24548 | D:13     | Received a gift from Trog
 24618 | D:13     | Found a gate to the Vaults.
 24618 | D:13     | Noticed an ironbound preserver
 24632 | D:13     | Killed an ironbound preserver
 24809 | D:13     | Found a frozen archway.
 24826 | IceCv    | Entered an ice cave
 25657 | IceCv    | Identified the ring of Gipemmin {+Blink rC+ SInv}
 25661 | IceCv    | Identified the amulet of Yredelemnul's Favour {Faith Harm
                  | Regen+}
 26095 | Orc:2    | Bought the +9 plate armour "Guestrigi" {rElec rF+ Str-3
                  | Stlth+} for 1111 gold pieces
 26264 | D:12     | Killed Siakut's ghost
 26334 | D:12     | Reached skill level 21 in Axes
 26347 | D:12     | Got the ring "Ibamp" {Fire rElec Will- Dex+6 Stlth+}
 26570 | D:13     | Found Soxtatan's Book Boutique.
 26582 | D:13     | Reached XP level 15. HP: 148/158 MP: 15/15
 26767 | D:14     | Found a broken altar of Ashenzari.
 27018 | D:14     | Received a gift from Trog
 27070 | D:14     | Found Habehipt's Distillery.
 27082 | D:14     | Bought a potion of curing for 51 gold pieces
 27082 | D:14     | Bought a potion of curing for 51 gold pieces
 27312 | D:15     | Entered Level 15 of the Dungeon
 27883 | D:15     | Reached skill level 22 in Axes
 27966 | D:15     | Found a staircase to the Depths.
 28464 | D:15     | Found a hide-covered altar of Uskayaw.
 28851 | Swamp:1  | Entered Level 1 of the Swamp
 29103 | Swamp:1  | Received a gift from Trog
 29170 | Swamp:1  | Noticed a fenstrider witch
 29180 | Swamp:1  | Killed a fenstrider witch
 29230 | Swamp:1  | Reached skill level 23 in Axes
 29276 | Swamp:1  | HP: 2/158 [spriggan rider/+0 spear (8)]
 29277 | Swamp:1  | Splashed by a goliath frog's acid

Illustrated notes

Levels and vault maps discovered:
D:1:      beargit_arrival_greenhouse, layout_loops_corners
D:2:      mumra_celtic_spiral_tile, layout_loops_ring,
          chequers_ecumenical_altar_island
D:3:      layout_loops_ring, minmay_statues_item, minmay_hedge_maze,
          uniq_terence
D:4:      layout_basic, nicolae_overflow_hidden_temple,
          mainiacjoe_overflow_boulevard, grunt_ministairs_9, uniq_grinder,
          uniq_edmund
D:5:      corexii_shantytown, layout_basic, nzn_wu_jian_contemplation,
          uniq_ijyb, uniq_crazy_yiuf_cottage, uniq_prince_ribbit1
D:6:      layout_basic, uniq_pikel
D:7:      layout_gridville, minmay_temple_entry_glassed_door
D:8:      layout_basic, dpeg_oklobed_lair, serial_shops, nicolae_stop_n_shop_1
D:9:      layout_loops_ring, serial_shops, nicolae_shop_rolled_up, minivault_21
D:10:     layout_basic, mainiacjoe_overflow_24_doors,
          chequers_temple_overflow_statue_of_worship,
          kennysheep_orc_monster_closet_entryway, serial_shops,
          kennysheep_little_box, mrwooster_statue_mirror
D:11:     layout_basic
D:12:     layout_rooms, gammafunk_ghost_icy, nrook_guardian_serpent_double
D:13:     layout_loops_ring, hellmonk_vaults_order_and_chaos,
          portal_ice_cave_entry_pillars_2, minmay_misc_feat_tower,
          kennysheep_windowed_goal, uniq_sonja
D:14:     layout_basic, evilmike_ruin_ashenzari, serial_shops, shop
D:15:     gammafunk_enter_depths_forms, layout_loops_cross,
          nicolae_uskayaw_suspiria, minivault_16
Lair:1:   layout_cave_pods, chequers_serial_rivers_small_a, grunt_megastairs_3,
          lemuel_fruit_fields
Lair:2:   layout_regular_city, swamp_mist, hellmonk_spider_entry_not_the_bees,
          grunt_megastairs_5
Lair:3:   layout_cellular_growth, beast_lair_carwin_11
Lair:4:   layout_hall_layers, minmay_slime_entry_pillars,
          minmay_lair_oklob_items, chequers_serial_rivers_room_b
Lair:5:   evilmike_catoblepas_cave, layout_gridlike,
          chequers_serial_rivers_marsh
Swamp:1:  layout_falls_marsh, evilmike_swamp_ruin_house_6, grunt_ruined_hall
Orc:1:    layout_diamond_mine, serial_shops, shop, bloody_makhleb
Orc:2:    grunt_orc_cross, layout_caves

Skill      XL: |  1  2  3  4  5  6  7  8  9 10 11 12 13 14 15 |
---------------+----------------------------------------------+-----
Axes           | 4 5 6 8 9 11 14 17 19 20 21 23 | 23.1
Fighting       | 11 15 19 21 | 21.4
Armour         | |  2.1
Dodging        | |  1.3

Action                     |  1- 3 |  4- 6 |  7- 9 | 10-12 | 13-15 || total
---------------------------+-------+-------+-------+-------+-------++-------
  Melee: Hand axe          |    60 |   248 |   114 |       |       ||   422
         War axe           |       |       |   262 |     9 |    33 ||   304
         Battleaxe         |       |       |    75 |   493 |   403 ||   971
         Executioner's axe |       |       |       |       |   280 ||   280
  Throw: Dart              |     4 |    10 |       |       |       ||    14
         Boomerang         |       |    22 |    22 |       |       ||    44
         Stone             |       |       |     1 |     3 |     1 ||     5
 Invoke: Berserk           |     1 |     5 |     4 |     3 |     1 ||    14
         Trog's Hand       |       |       |       |     2 |     8 ||    10
         Brothers in Arms  |       |       |       |       |     2 ||     2
  Evoke: Wand              |       |       |       |       |     4 ||     4
         Phantom mirror    |       |       |       |       |     1 ||     1
    Use: Scroll            |       |     7 |    10 |    11 |     8 ||    36
         Potion            |       |     2 |       |       |     3 ||     5
   Stab: Sleeping          |     1 |       |       |       |       ||     1
         Distracted        |       |       |       |     3 |     9 ||    12
         Petrified         |       |       |       |       |     1 ||     1
 Armour: Animal skin       |     6 |       |       |       |       ||     6
         Ring mail         |    14 |     3 |       |       |       ||    17
         Chain mail        |       |   146 |   283 |   187 |       ||   616
         Plate armour      |       |       |       |   170 |   698 ||   868
  Dodge: Dodged            |    31 |    86 |   148 |   132 |   194 ||   591
  Block: Other             |       |    32 |    63 |    72 |    70 ||   237
         Buckler           |       |       |    18 |       |       ||    18
         Reflection        |       |       |       |     6 |     3 ||     9

Table legend: (Time is in decaauts)
 A = Elapsed time spent in this place.
 B = Non-inter-level travel time spent in this place.
 C = Inter-level travel time spent in this place.
 D = Time resting spent in this place.
 E = Time spent auto-exploring this place.
 F = Levels seen in this place.
 G = Mean time per level.
                   A        B        C        D        E       F      G
               +--------+--------+--------+--------+--------+-----+--------+
         Total |  29073 |  27351 |   1722 |   6212 |  16502 |  24 | 1211.4 |
       Dungeon |  17401 |  16370 |   1031 |   2591 |  10723 |  15 | 1160.1 |
          Lair |   6550 |   6193 |    357 |   1082 |   4252 |   5 | 1310.0 |
         Swamp |    465 |    465 |      0 |     89 |    232 |   1 |  465.0 |
  Orcish Mines |   3735 |   3402 |    333 |   1962 |   1045 |   2 | 1867.5 |
      Ice Cave |    920 |    920 |      0 |    487 |    248 |   1 |  920.0 |
               +--------+--------+--------+--------+--------+-----+--------+

Top non-repeatable levels by time:
   Orc:2: 2888 daAuts
  Lair:5: 1913 daAuts
     D:4: 1682 daAuts
     D:6: 1599 daAuts
    D:10: 1518 daAuts
     D:5: 1506 daAuts
     D:2: 1391 daAuts
     D:9: 1344 daAuts
    D:15: 1322 daAuts
  Lair:3: 1238 daAuts
     D:3: 1232 daAuts
  Lair:2: 1226 daAuts
  Lair:4: 1129 daAuts
    D:12: 1099 daAuts
  Lair:1: 1043 daAuts
